 Dungeon Crawl Stone Soup version 0.28.0-43-g3370ac3207 (webtiles) character file.

Game seed: 15259243347687293077

28 Edyrem the Ducker (level 3, -3/25 HPs)
             Began as a Gnoll Wanderer on Mar 15, 2022.
             Slain by Sigmund
             ... wielding a +0 scythe
              (8 damage)
             ... on level 2 of the Dungeon.
             The game lasted 00:04:05 (2119 turns).

Edyrem the Ducker (Gnoll Wanderer)                  Turns: 2119, Time: 00:04:05

Health: -3/25      AC:  5    Str: 10    XL:     3   Next: 14%
Magic:  2/7        EV: 13    Int: 11    God:
Gold:   53         SH:  0    Dex: 14    Spells: 6/7 levels left

rFire   . . .      SeeInvis .   a - +0 dagger
rCold   . . .      Faith    .   b - +0 buckler
rNeg    . . .      Spirit   .   d - +2 leather armour
rPois   .          Reflect  .   (no helmet)
rElec   .          Harm     .   (no cloak)
rCorr   .          Rampage  .   (no gloves)
Will    .....                   (no boots)
Stlth   +.........              (no amulet)
HPRegen 0.08/turn               e - ring of wizardry
MPRegen 0.10/turn               (no ring)

@: confused
A: fangs 1, strong nose, distributed training
a: no special abilities


You were on level 2 of the Dungeon.
You visited 1 branch of the dungeon, and saw 2 of its levels.

You collected 53 gold pieces.

Inventory:

Hand Weapons
 a - a +0 dagger (weapon)
Missiles
 c - 49 stones
 g - 16 bolts
Armour
 b - a +0 buckler (worn)
 d - a +2 leather armour (worn)
Jewellery
 e - a ring of wizardry (left hand)
Potions
 f - a potion of magic {unknown}


   Skills:
 + Level 0.6 Fighting
 + Level 0.6 Short Blades
 + Level 0.6 Long Blades
 + Level 0.6 Axes
 + Level 0.6 Maces & Flails
 + Level 0.6 Polearms
 + Level 0.6 Staves
 + Level 0.6 Slings
 + Level 0.6 Bows
 + Level 0.6 Crossbows
 + Level 0.6 Throwing
 + Level 0.6 Armour
 + Level 6.5 Dodging
 + Level 0.6 Stealth
 + Level 4.5 Shields
 + Level 0.6 Unarmed Combat
 + Level 2.8 Spellcasting
 + Level 0.4 Conjurations
 + Level 0.4 Hexes
 + Level 0.4 Summonings
 + Level 0.4 Necromancy
 + Level 0.4 Translocations
 + Level 0.4 Transmutations
 + Level 0.4 Fire Magic
 + Level 0.4 Ice Magic
 + Level 0.4 Air Magic
 + Level 3.7 Earth Magic
 + Level 0.4 Poison Magic
 + Level 0.8 Invocations
 + Level 4.5 Evocations


You had 6 spell levels left.
You knew the following spells:

 Your Spells              Type           Power      Damage    Failure   Level
a - Sandblast             Erth           18%        2d7       4%          1

Your spell library contained the following spells:

 Spells                   Type           Power      Damage    Failure   Level
 Stone Arrow              Conj/Erth      12%        3d7       24%         3
 Tukima's Dance           Hex            2%         N/A       41%         3
 Passage of Golubria      Tloc           2%         N/A       80%         4
 Yara's Violent Unravell  Hex/Tmut       1%         3d3       98%         5


Dungeon Overview and Level Annotations

Branches:
Dungeon (2/15)

Altars:

Annotations:
D:2 Sigmund


Innate Abilities, Weirdness & Mutations

You have very sharp teeth.
Your uncanny sense of smell can sniff out nearby items.
Your experience applies equally to all skills.


Message History

Aim: Sigmund, wielding a +0 scythe and wearing a +0 robe (lightly wounded, 75% to hit)
The blast of sand misses Sigmund.
You block Sigmund's attack.
Casting: Sandblast (safe; 4% risk of failure)
Confirm with . or Enter, or press ? or * to list all spells.
Aiming: Sandblast (safe; 4% risk of failure)
Press: ? - help, Shift-Dir - straight line, f/p - Sigmund
Aim: Sigmund, wielding a +0 scythe and wearing a +0 robe (lightly wounded, 75% to hit)
The blast of sand hits Sigmund but does no damage.
Sigmund is lightly wounded.
Sigmund laughs darkly.
Sigmund closely misses you.
Casting: Sandblast (safe; 4% risk of failure)
Confirm with . or Enter, or press ? or * to list all spells.
Aiming: Sandblast (safe; 4% risk of failure)
Press: ? - help, Shift-Dir - straight line, f/p - Sigmund
Aim: Sigmund, wielding a +0 scythe and wearing a +0 robe (lightly wounded, 75% to hit)
The blast of sand misses Sigmund.
Press: ? - help, v - describe, . - travel
Here: Sigmund, wielding a +0 scythe and wearing a +0 robe (lightly wounded)
The floor.
You hit Sigmund but do no damage.
Sigmund is lightly wounded.
Sigmund gestures at you while chanting. The puff of flame hits you.
You hit Sigmund but do no damage.
Sigmund is lightly wounded.
Sigmund barely misses you.
You hit Sigmund. Your bite misses Sigmund.
Sigmund is lightly wounded.
Sigmund casts a spell at you.
You are confused.
You bump into the rock wall.
Sigmund hits you with a +0 scythe!
* * * LOW HITPOINT WARNING * * *
You hit Sigmund. You bite Sigmund, but do no damage.
Sigmund is lightly wounded.
You hit Sigmund.
Sigmund is moderately wounded.
Sigmund closely misses you.
Sigmund hits you from afar with a +0 scythe!
You die...

# ...... #......
#####.#.... ###.### ......
.$.∆ #.###
#.....##.#####.# #.##.
#.............[# #.##.
......>#.#############....
.......@.#...........'....
.....#.#.#.###########....
##.. #.#.@........ #....
.. ∆#.##..####### #.... .
#. ..... #...# ####.#.(#
##### #.#..# #....# ####.#
..


You could see Sigmund.

Vanquished Creatures
  2 endoplasms (D:1)
  2 giant cockroaches (D:1)
  4 goblins (D:1)
  3 hobgoblins (D:1)
  2 ball pythons (D:1)
  4 bats
  2 frilled lizards (D:1)
  4 kobolds (D:1)
  4 rats (D:1)
27 creatures vanquished.

Notes
Turn   | Place    | Note
-------+----------+-------------------------------------------
     0 | D:1      | Edyrem the Gnoll Wanderer began the quest for the Orb.
     0 | D:1      | Edyrem set off with the following items: a +0 dagger, a +0
                  | buckler, 28 stones, a +2 leather armour; and the following
                  | spell memorised: Sandblast; and the following spells
                  | available to memorise: Stone Arrow
     0 | D:1      | Reached XP level 1. HP: 13/13 MP: 4/4
   431 | D:1      | Reached XP level 2. HP: 7/19 MP: 5/5
   774 | D:1      | Found a faded altar of an unknown god.
  1481 | D:1      | Reached XP level 3. HP: 12/25 MP: 7/7
  2096 | D:2      | Noticed Sigmund
  2119 | D:2      | Slain by Sigmund

Illustrated notes

Levels and vault maps discovered:
D:1:      evilmike_arrival_hilbert_curve, layout_basic,
          chequers_ecumenical_altar_simple, st_stairs_9, chequers_jeans,
          chequers_serial_rivers_room_b
D:2:      layout_basic, uniq_jessica, uniq_sigmund

Action                   || total
-------------------------++-------
Melee: Dagger            ||   149
       Bite              ||    15
 Cast: Sandblast         ||     6
 Stab: Sleeping          ||     1
Armor: Leather armour    ||    61
Dodge: Dodged            ||   116
Block: Buckler           ||    48
